MLB
CLEVELAND INDIANS @ MONTREAL EXPOS
05/04/2044
 
TOP OF THE 1ST
Cleveland Indians batting - Pitching for Montreal Expos : LHP Danny Lawson
Pitching: LHP Danny Lawson
Batting: RHB Jesus Galvan 0-0: Ground out 6-3 (Groundball, 6, EV 107.5 MPH)
Batting: LHB Kyle Schaible 0-0: Called Strike
0-1: Ball
1-1: Ball
2-1: Fly out, F9 (Line Drive, 9, EV 106.9 MPH)
Batting: SHB Moe Lester 0-0: Ball
1-0: Ball
2-0: SINGLE (Line Drive, 8RS, EV 102.5 MPH)
Batting: SHB Merrick Geter 0-0: Ball
1-0: Ball
2-0: Called Strike
2-1: Called Strike
Moe Lester steals 2nd base
2-2: Ball
3-2: Ground out 6-3 (Groundball, 56, EV 101.2 MPH)
Top of the 1st over - 0 runs, 1 hit, 0 errors, 1 left on base; Cleveland 0 - Montreal 0
BOTTOM OF THE 1ST
Montreal Expos batting - Pitching for Cleveland Indians : RHP Justin Judson
Pitching: RHP Justin Judson
Batting: RHB Robby Juarez 0-0: Called Strike
0-1: Ball
1-1: Ball
2-1: Ball
3-1: Base on Balls
Batting: SHB Pete Barutha 0-0: Ball
1-0: Ball
2-0: Called Strike
Robby Juarez steals 2nd base
2-1: Called Strike
2-2: Ground out 4-3 (Groundball, 13, EV 88.8 MPH)
Robby Juarez to third
Batting: RHB Mike Salmon 0-0: Ball
1-0: Ball
2-0: Ball
3-0: Base on Balls
Batting: LHB Steve Anderson 0-0: Ball
1-0: Called Strike
1-1: Ball
2-1: SINGLE (Line Drive, 9S, EV 102.5 MPH)
Robby Juarez scores
Mike Salmon to second
Batting: LHB Jimmy Buscemi 0-0: Ball
1-0: Ball
2-0: Called Strike
2-1: Ball
3-1: Called Strike
3-2: Base on Balls
Mike Salmon to third
Steve Anderson to second
Batting: SHB Bran Stark 0-0: Ball
1-0: Called Strike
1-1: Swinging Strike
1-2: Ball
2-2: Foul Ball, location: 2F
2-2: Fly out, F7 (Flyball, 7S, EV 84.4 MPH)
Runner from 3rd tags up, OUT at HOME! 7-2
Bottom of the 1st over - 1 run, 1 hit, 0 errors, 2 left on base; Cleveland 0 - Montreal 1
TOP OF THE 2ND
Cleveland Indians batting - Pitching for Montreal Expos : LHP Danny Lawson
Batting: LHB Arvin Dungca 0-0: Ball
1-0: Swinging Strike
1-1: Ball
2-1: Ball
3-1: Swinging Strike
3-2: Foul Ball, location: 2F
3-2: Base on Balls
Batting: LHB Fernando Campos 0-0: Ball
1-0: Fielders Choice at 2nd, 5-4 (Groundball, 56S, EV 89.4 MPH)
Batting: LHB Hector Pedroso 0-0: Ball
1-0: Grounds into double play, 3-6-3 (Groundball, 3, EV 106.9 MPH)
Top of the 2nd over - 0 runs, 0 hits, 0 errors, 0 left on base; Cleveland 0 - Montreal 1
BOTTOM OF THE 2ND
Montreal Expos batting - Pitching for Cleveland Indians : RHP Justin Judson
Batting: RHB Wen-hua Lei 0-0: Ball
1-0: Called Strike
1-1: Fly out, F4 (Popup, 4, EV 54.4 MPH)
Batting: SHB Hans Mikkelsen 0-0: Ball
1-0: Ball
2-0: Ground out 4-3 (Groundball, 4, EV 88.1 MPH)
Batting: RHB Nick Sharp 0-0: Called Strike
0-1: Swinging Strike
0-2: Foul Ball, location: 2F
0-2: Strikes out swinging
Bottom of the 2nd over - 0 runs, 0 hits, 0 errors, 0 left on base; Cleveland 0 - Montreal 1
TOP OF THE 3RD
Cleveland Indians batting - Pitching for Montreal Expos : LHP Danny Lawson
Batting: SHB Dan Hill 0-0: Ball
1-0: Fly out, F8 (Flyball, 8RXD, EV 81.9 MPH)
Batting: RHB C.J. Sagle 0-0: Called Strike
0-1: Ball
1-1: Swinging Strike
1-2: Foul Ball, location: 2F
1-2: Foul Ball, location: 2F
1-2: Strikes out swinging
Batting: RHB Jesus Galvan 0-0: Called Strike
0-1: Foul Ball, location: 2F
0-2: Fly out, F7 (Flyball, 78S, EV 81.2 MPH)
Top of the 3rd over - 0 runs, 0 hits, 0 errors, 0 left on base; Cleveland 0 - Montreal 1
BOTTOM OF THE 3RD
Montreal Expos batting - Pitching for Cleveland Indians : RHP Justin Judson
Batting: RHB Robby Juarez 0-0: Called Strike
0-1: Foul Ball, location: 2F
0-2: Ball
1-2: Ground out 1-3 (Groundball, P, EV 66.9 MPH)
Batting: SHB Pete Barutha 0-0: Reached on error, E4 (Groundball, 34D, EV 81.9 MPH)
Batting: RHB Mike Salmon 0-0: Ball
1-0: Called Strike
1-1: Ball
2-1: Ball
3-1: Base on Balls
Pete Barutha to second
Batting: LHB Steve Anderson 0-0: Called Strike
0-1: Ball
1-1: Grounds into double play, 5-4-3 (Groundball, 56, EV 83.1 MPH)
Bottom of the 3rd over - 0 runs, 0 hits, 1 error, 1 left on base; Cleveland 0 - Montreal 1
TOP OF THE 4TH
Cleveland Indians batting - Pitching for Montreal Expos : LHP Danny Lawson
Batting: LHB Kyle Schaible 0-0: Ball
1-0: Ground out 4-3 (Groundball, 4, EV 102.5 MPH)
Batting: SHB Moe Lester 0-0: Ball
1-0: Ball
2-0: Ball
3-0: Base on Balls
Batting: SHB Merrick Geter 0-0: Ball
1-0: Called Strike
Moe Lester steals 2nd base (no throw)
1-1: SINGLE (Flyball, 7S, EV 93.8 MPH)
Moe Lester to third
Runner from 3rd tries for Home, SAFE, throw by LF to home
Batting: LHB Arvin Dungca 0-0: Foul Ball, location: 2F
0-1: Ball
1-1: Ball
2-1: Ball
3-1: Swinging Strike
3-2: Strikes out swinging
Batting: LHB Fernando Campos 0-0: Called Strike
0-1: Ball
1-1: Called Strike
1-2: Ground out 4-3 (Groundball, 34, EV 88.8 MPH)
Top of the 4th over - 1 run, 1 hit, 0 errors, 1 left on base; Cleveland 1 - Montreal 1
BOTTOM OF THE 4TH
Montreal Expos batting - Pitching for Cleveland Indians : RHP Justin Judson
Batting: LHB Jimmy Buscemi 0-0: Called Strike
0-1: SOLO HOME RUN (Line Drive, 89XD, EV 100.6 MPH), Distance : 409 ft
Batting: SHB Bran Stark 0-0: Ball
1-0: Fly out, F8 (Flyball, 89D, EV 85.0 MPH)
Batting: RHB Wen-hua Lei 0-0: Ball
1-0: Swinging Strike
1-1: Ball
2-1: Foul Ball, location: 2F
2-2: Fly out, F8 (Flyball, 8LXD, EV 106.2 MPH)
Batting: SHB Hans Mikkelsen 0-0: Ball
1-0: Ball
2-0: Foul Ball, location: 2F
2-1: Ball
3-1: SINGLE (Flyball, 5D, EV 84.4 MPH)
Batting: RHB Nick Sharp 0-0: Ball
1-0: Foul Ball, location: 2F
1-1: Ball
2-1: Fly out, F7 (Line Drive, 7, EV 108.1 MPH)
Bottom of the 4th over - 1 run, 2 hits, 0 errors, 1 left on base; Cleveland 1 - Montreal 2
TOP OF THE 5TH
Cleveland Indians batting - Pitching for Montreal Expos : LHP Danny Lawson
Batting: LHB Hector Pedroso 0-0: Called Strike
0-1: Foul Ball, location: 2F
0-2: Ball
1-2: SINGLE (Groundball, 34D, EV 95.0 MPH)
Batting: SHB Dan Hill 0-0: Ball
1-0: Called Strike
1-1: Foul Ball, location: 2F
1-2: SINGLE (Line Drive, 56D, EV 98.1 MPH)
Hector Pedroso to second
Batting: RHB C.J. Sagle 0-0: Ground out 6-3 (Groundball, 56, EV 99.4 MPH)
Hector Pedroso to third
Dan Hill to second
Batting: RHB Jesus Galvan 0-0: Ball
1-0: Ground out 1-3 (Groundball, P, EV 71.2 MPH)
Batting: LHB Kyle Schaible 0-0: Foul Ball, location: 2F
0-1: DOUBLE (Line Drive, 7LD, EV 107.5 MPH)
Hector Pedroso scores
Dan Hill scores
Batting: SHB Moe Lester 0-0: Called Strike
0-1: Ball
1-1: Ball
2-1: Ball
3-1: Foul Ball, location: 2F
3-2: Base on Balls
Batting: SHB Merrick Geter 0-0: Ball
1-0: Ball
2-0: Foul Ball, location: 2F
2-1: Called Strike
2-2: Fly out, F8 (Line Drive, 8LM, EV 91.9 MPH)
Top of the 5th over - 2 runs, 3 hits, 0 errors, 2 left on base; Cleveland 3 - Montreal 2
BOTTOM OF THE 5TH
Montreal Expos batting - Pitching for Cleveland Indians : RHP Justin Judson
Batting: RHB Robby Juarez 0-0: Ball
1-0: Fly out, F7 (Flyball, 78D, EV 95.0 MPH)
Batting: SHB Pete Barutha 0-0: Fly out, F9 (Flyball, 9LM, EV 86.2 MPH)
Batting: RHB Mike Salmon 0-0: Foul Ball, location: 2F
0-1: SINGLE (Flyball, 4D, EV 86.9 MPH)
Batting: LHB Steve Anderson 0-0: Called Strike
0-1: Ball
1-1: Ball
2-1: Foul Ball, location: 2F
2-2: Ball
3-2: SINGLE (Flyball, 3D, EV 91.9 MPH)
Mike Salmon to second
Mike Salmon to third
Batting: LHB Jimmy Buscemi 0-0: Ball
1-0: Called Strike
1-1: Ground out U3 (Groundball, 3L, EV 90.0 MPH)
Bottom of the 5th over - 0 runs, 2 hits, 0 errors, 2 left on base; Cleveland 3 - Montreal 2
TOP OF THE 6TH
Cleveland Indians batting - Pitching for Montreal Expos : LHP Danny Lawson
Batting: LHB Arvin Dungca 0-0: Swinging Strike
0-1: Ball
1-1: Ground out 6-3 (Groundball, P, EV 91.2 MPH)
Batting: LHB Fernando Campos 0-0: Called Strike
0-1: Ball
1-1: Swinging Strike
1-2: Ball
2-2: Ball
3-2: Foul Ball, location: 2F
3-2: Foul Ball, location: 2F
3-2: Base on Balls
Batting: LHB Hector Pedroso 0-0: Ball
Fernando Campos is caught stealing 2nd base 2-6
1-0: Called Strike
1-1: Swinging Strike
1-2: SINGLE (Groundball, 25, EV 71.9 MPH) (infield hit)
Batting: SHB Dan Hill 0-0: Ball
1-0: Ball
2-0: Ball
3-0: Called Strike
3-1: Swinging Strike
3-2: Base on Balls
Hector Pedroso to second
Batting: RHB C.J. Sagle 0-0: Foul Ball, location: 2F
0-1: Ball
1-1: Called Strike
1-2: Strikes out swinging
Top of the 6th over - 0 runs, 1 hit, 0 errors, 2 left on base; Cleveland 3 - Montreal 2
BOTTOM OF THE 6TH
Montreal Expos batting - Pitching for Cleveland Indians : RHP Justin Judson
Batting: SHB Bran Stark 0-0: Ball
1-0: Swinging Strike
1-1: Ground out 4-3 (Groundball, 4S, EV 63.1 MPH)
Batting: RHB Wen-hua Lei 0-0: Called Strike
0-1: Foul Ball, location: 2F
0-2: Strikes out swinging
Batting: SHB Hans Mikkelsen 0-0: Ball
1-0: Fly out, F8 (Flyball, 78M, EV 96.9 MPH)
Bottom of the 6th over - 0 runs, 0 hits, 0 errors, 0 left on base; Cleveland 3 - Montreal 2
TOP OF THE 7TH
Cleveland Indians batting - Pitching for Montreal Expos : LHP Danny Lawson
Pitching: RHP Justin Stone
Batting: RHB Jesus Galvan 0-0: Foul Ball, location: 2F
0-1: SINGLE (Groundball, 4MD, EV 105.0 MPH)
Batting: LHB Kyle Schaible 0-0: Sac Bunt to 13S - play at first, batter OUT! 1-4
Jesus Galvan to second
Batting: SHB Moe Lester 0-0: Intentional Walk
Batting: SHB Merrick Geter 0-0: Called Strike
Jesus Galvan steals 3rd base
0-1: Ball
1-1: Ball
2-1: Swinging Strike
2-2: Foul Ball, location: 2F
2-2: Ball
3-2: Base on Balls
Moe Lester to second
Batting: LHB Arvin Dungca 0-0: Ball
1-0: Ball
2-0: Ball
3-0: Base on Balls
Jesus Galvan scores
Moe Lester to third
Merrick Geter to second
Batting: LHB Fernando Campos 0-0: Ball
1-0: Ball
2-0: Ball
3-0: Base on Balls
Moe Lester scores
Merrick Geter to third
Arvin Dungca to second
Batting: LHB Hector Pedroso 0-0: Called Strike
0-1: Ball
1-1: Fly out, F7 (Flyball, 78S, EV 91.2 MPH)
Batting: SHB Dan Hill 0-0: Ball
1-0: Called Strike
1-1: Called Strike
1-2: Strikes out swinging
Top of the 7th over - 2 runs, 1 hit, 0 errors, 3 left on base; Cleveland 5 - Montreal 2
BOTTOM OF THE 7TH
Montreal Expos batting - Pitching for Cleveland Indians : RHP Justin Judson
Batting: RHB Nick Sharp 0-0: Called Strike
0-1: Fly out, F6 (Line Drive, 6, EV 71.9 MPH)
Batting: RHB Robby Juarez 0-0: Swinging Strike
0-1: Fly out, F8 (Flyball, 8RXD, EV 91.9 MPH)
Batting: SHB Pete Barutha 0-0: Reaches on Catchers interference
Batting: RHB Mike Salmon 0-0: Called Strike
0-1: Ball
Pickoff Throw to First - Out! 1-3
Bottom of the 7th over - 0 runs, 0 hits, 1 error, 0 left on base; Cleveland 5 - Montreal 2
TOP OF THE 8TH
Cleveland Indians batting - Pitching for Montreal Expos : RHP Justin Stone
Pitching: LHP James Fisher
Batting: RHB C.J. Sagle 0-0: Ball
1-0: Ball
2-0: Ball
3-0: Called Strike
3-1: Reached on error, E5 (Groundball, 56S, EV 84.4 MPH)
Batting: RHB Jesus Galvan 0-0: Ball
1-0: Bunted foul
1-1: Reached on error, E2 (Groundball, 2R, EV 43.8 MPH)
C.J. Sagle to third
Batting: LHB Kyle Schaible 0-0: Ball
1-0: Swinging Strike
1-1: Foul Ball, location: 2F
1-2: Ball
2-2: Strikes out swinging
Batting: SHB Moe Lester 0-0: Ball
1-0: Ball
2-0: Called Strike
2-1: Ball
3-1: Base on Balls
Batting: SHB Merrick Geter 0-0: Ball
Wild Pitch!
C.J. Sagle scores
Jesus Galvan to third
Moe Lester to second
1-0: Intentional Walk
Batting: LHB Arvin Dungca 0-0: Ball
1-0: Ball
2-0: Fielders Choice at 2nd, 4-6 (Groundball, 34D, EV 86.9 MPH)
Jesus Galvan scores
Moe Lester to third
Batting: LHB Fernando Campos 0-0: Ball
1-0: Ground out U3 (Groundball, 3, EV 88.8 MPH)
Top of the 8th over - 2 runs, 0 hits, 2 errors, 2 left on base; Cleveland 7 - Montreal 2
BOTTOM OF THE 8TH
Montreal Expos batting - Pitching for Cleveland Indians : RHP Justin Judson
Batting: RHB Mike Salmon 0-0: Foul Ball, location: 2F
0-1: Ball
1-1: Ball
2-1: Foul Ball, location: 2F
2-2: Ball
3-2: Fly out, F8 (Flyball, 89S, EV 96.2 MPH)
Pitching: RHP Willie Encinas
Batting: LHB Steve Anderson 0-0: Ball
1-0: SOLO HOME RUN (Flyball, 9D, EV 106.9 MPH), Distance : 397 ft
Batting: LHB Jimmy Buscemi 0-0: Called Strike
0-1: Ball
1-1: Ball
2-1: Swinging Strike
2-2: Strikes out swinging
Batting: SHB Bran Stark 0-0: Ball
1-0: Called Strike
1-1: Called Strike
1-2: Ball
2-2: Strikes out swinging
Bottom of the 8th over - 1 run, 1 hit, 0 errors, 0 left on base; Cleveland 7 - Montreal 3
TOP OF THE 9TH
Cleveland Indians batting - Pitching for Montreal Expos : LHP James Fisher
Batting: LHB Hector Pedroso 0-0: Called Strike
0-1: Ground out 3-1 (Groundball, 34, EV 90.6 MPH)
Batting: SHB Dan Hill 0-0: Fly out, F7 (Flyball, 7, EV 81.9 MPH)
Batting: RHB C.J. Sagle 0-0: DOUBLE (Line Drive, 9LM, EV 95.6 MPH)
Batting: RHB Jesus Galvan 0-0: Intentional Walk
Batting: LHB Kyle Schaible 0-0: Ball
1-0: Foul Ball, location: 2F
1-1: Fly out, F5 (Popup, 25, EV 85.0 MPH)
Top of the 9th over - 0 runs, 1 hit, 0 errors, 2 left on base; Cleveland 7 - Montreal 3
BOTTOM OF THE 9TH
Montreal Expos batting - Pitching for Cleveland Indians : RHP Willie Encinas
Batting: RHB Wen-hua Lei 0-0: Called Strike
0-1: SINGLE (Groundball, 25, EV 70.6 MPH) (infield hit)
Batting: SHB Hans Mikkelsen 0-0: Foul Ball, location: 2F
0-1: Ball
1-1: Foul Ball, location: 2F
1-2: Ball
2-2: Ball
3-2: SINGLE (Groundball, 25, EV 72.5 MPH) (infield hit)
Wen-hua Lei to second
Pitching: RHP Hector Guerrero
Pinch Runner at 1st Martin Chavez:
Batting: RHB Nick Sharp 0-0: Ball
1-0: Fly out, F9 (Flyball, 9S, EV 76.9 MPH)
Batting: RHB Robby Juarez 0-0: Ball
1-0: Called Strike
1-1: Foul Ball, location: 2F
1-2: Ball
2-2: Strikes out swinging
Batting: SHB Pete Barutha 0-0: Ball
1-0: Ball
2-0: Called Strike
2-1: Swinging Strike
2-2: Strikes out swinging
Bottom of the 9th over - 0 runs, 2 hits, 0 errors, 2 left on base; Cleveland 7 - Montreal 3
Thursday, March 31st , 2022 - OOTP Baseball 22.12 Build 89